 Dungeon Crawl Stone Soup version 0.29-a0-275-g389c0b56f3 (webtiles) character file.

Game seed: 6312937216546689199

659 enile the Nimble (level 7, -4/53 HPs)
             Began as a Gnoll Wanderer on Mar 12, 2022.
             Killed from afar by an orc wizard (6 damage)
             ... with a magic dart
             ... on level 5 of the Dungeon.
             The game lasted 00:08:47 (4929 turns).

enile the Nimble (Gnoll Wanderer)                   Turns: 4929, Time: 00:08:47

Health: -4/53      AC:  9    Str: 11    XL:     7   Next: 55%
Magic:  10/10      EV: 12    Int: 11    God:
Gold:   123        SH:  0    Dex: 17    Spells: 11/11 levels left

rFire   . . .      SeeInvis .   h - +2 spear
rCold   . . .      Faith    .   (no shield)
rNeg    . . .      Spirit   .   i - +0 scale mail
rPois   .          Reflect  .   j - +2 helmet {Int+3}
rElec   .          Harm     .   (no cloak)
rCorr   .          Rampage  .   (no gloves)
Will    .....                   (no boots)
Stlth   ++........              c - amulet of magic regeneration
HPRegen 0.17/turn               (no ring)
MPRegen 0.52/turn               (no ring)

@: no status effects
A: fangs 1, strong nose, distributed training
a: no special abilities


You were on level 5 of the Dungeon.
You visited 1 branch of the dungeon, and saw 5 of its levels.

You collected 214 gold pieces.
You spent 91 gold pieces at shops.

Inventory:

Hand Weapons
 a - a +0 spear
 h - a +2 spear (weapon)
Armour
 b - a +2 leather armour
 i - a +0 scale mail (worn)
 j - a +2 helmet of intelligence (worn)
Jewellery
 c - an amulet of magic regeneration (around neck)
 e - a ring of flight
Scrolls
 g - a scroll of vulnerability


   Skills:
 + Level 3.7 Fighting
 + Level 2.5 Short Blades
 + Level 2.5 Long Blades
 + Level 2.5 Axes
 + Level 2.5 Maces & Flails
 + Level 5.3 Polearms
 + Level 2.5 Staves
 + Level 2.5 Slings
 + Level 2.5 Bows
 + Level 2.5 Crossbows
 + Level 2.5 Throwing
 + Level 2.5 Armour
 + Level 8.9 Dodging
 + Level 6.5 Stealth
 + Level 2.5 Shields
 + Level 2.5 Unarmed Combat
 + Level 2.5 Spellcasting
 + Level 2.1 Conjurations
 + Level 2.1 Hexes
 + Level 2.1 Summonings
 + Level 2.1 Necromancy
 + Level 2.1 Translocations
 + Level 2.1 Transmutations
 + Level 2.1 Fire Magic
 + Level 2.1 Ice Magic
 + Level 2.1 Air Magic
 + Level 2.1 Earth Magic
 + Level 2.1 Poison Magic
 + Level 2.8 Invocations
 + Level 2.5 Evocations


You had 11 spell levels left.
You didn't know any spells.
Your spell library contained the following spells:

 Spells                   Type           Power      Damage    Failure   Level
 Freeze                   Ice            24%        1d5       54%         1
 Slow                     Hex            24%        N/A       54%         1
 Blink                    Tloc           12%        N/A       69%         2
 Confusing Touch          Hex            6%         N/A       89%         3
 Frozen Ramparts          Ice            12%        1d3       89%         3
 Lesser Beckoning         Tloc           6%         N/A       89%         3
 Vampiric Draining        Necr           6%         2d6       89%         3
 Hailstorm                Conj/Ice       6%         3d4       100%        4
 Manifold Assault         Tloc           6%         N/A       100%        5


Dungeon Overview and Level Annotations

Branches:
Dungeon (5/15)
 Temple: D:4-7

Altars:

Shops:
D:1 !   D:4 ?


Innate Abilities, Weirdness & Mutations

You have very sharp teeth.
Your uncanny sense of smell can sniff out nearby items.
Your experience applies equally to all skills.


Message History

The orc wizard flickers and vanishes!
Something hits you but does no damage.
You feel sick.
You are no longer poisoned.
An orc wizard appears from thin air!
Reactivating autopickup.
The orc wizard gestures wildly while chanting.
The orc wizard flickers and vanishes!
Deactivating autopickup; reactivate with Ctrl-A.
A puff of flame appears from out of thin air!
The puff of flame hits you but does no damage.
A magic dart appears from out of thin air!
The magic dart hits you.
* * * LOW HITPOINT WARNING * * *
The orc shouts!
The orc hits you but does no damage. The orc barely misses you.
The orc attacks as you move away! The orc hits you but does no damage.
There is a stone staircase leading up here.
Really walk into that dispersal trap?
The orc attacks as you move away! The orc closely misses you.
You enter a dispersal trap!
The orc blinks!
You blink.
The orc enters a dispersal trap!
You blink.
The orc barely misses you. The orc attacks as you move away!
The orc hits you but does no damage. The orc attacks as you move away!
The orc hits you but does no damage.
You are confused.
You bump into the rock wall.
You bump into the rock wall.
You bump into the rock wall.
You hear some strange, mumbled words.
A puff of flame appears from out of thin air!
The puff of flame misses you.
You feel less confused. Something hits you but does no damage.
Something hits you.
* * * LOW HITPOINT WARNING * * *
You see here a +0 whip.
A magic dart appears from out of thin air!
The magic dart hits you.
You die...

### #.# #.#..
####.#.#
#.{o.#.#######
#)##.#.#.)...#.#
#@##.#.#.###.#.#
#.##o#.#.# #.#.#
#.##O#.#.###.#.#..
#.##.#.#...^.#.#.#
#.##......<#.#.#.#
##.####.......#.#.#
#.................'
##............#.#.#
#.##########.#.#.#


There were no monsters in sight!

Vanquished Creatures
  Grinder (D:3)
  3 scorpions
  A gnoll shaman (D:4)
  An iguana (D:4)
  Natasha (thrice) (D:2 D:3)
  Robin (D:2)
  4 gnolls (D:4)
  4 adders
  2 ufetubi (D:5)
  2 worms (D:2)
  A dart slug (D:3)
  An orc (D:5)
  4 bats
  5 endoplasms
  A giant cockroach (D:2)
  7 hobgoblins
  4 jackals
  5 kobolds
  5 quokkas
  6 ball pythons
  2 frilled lizards
  13 goblins
  5 rats
81 creatures vanquished.

Notes
Turn   | Place    | Note
-------+----------+-------------------------------------------
     0 | D:1      | enile the Gnoll Wanderer began the quest for the Orb.
     0 | D:1      | enile set off with the following items: a +0 spear, a +2
                  | leather armour, a scroll of silence, a potion of haste
     0 | D:1      | Reached XP level 1. HP: 17/17 MP: 1/1
    99 | D:1      | Reached XP level 2. HP: 7/23 MP: 2/2
   773 | D:1      | Found Faptul's Distillery.
   782 | D:1      | Bought a potion of lignification for 39 gold pieces
   782 | D:1      | Bought a potion of might for 52 gold pieces
  1016 | D:2      | Reached XP level 3. HP: 20/28 MP: 3/3
  1228 | D:2      | Reached skill level 1 in Invocations
  1533 | D:2      | Noticed Natasha
  1549 | D:2      | Reached skill level 1 in Short Blades
  1549 | D:2      | Reached skill level 1 in Long Blades
  1549 | D:2      | Reached skill level 1 in Axes
  1549 | D:2      | Reached skill level 1 in Maces & Flails
  1549 | D:2      | Reached skill level 1 in Staves
  1549 | D:2      | Reached skill level 1 in Slings
  1549 | D:2      | Reached skill level 1 in Bows
  1549 | D:2      | Reached skill level 1 in Crossbows
  1549 | D:2      | Reached skill level 1 in Throwing
  1549 | D:2      | Reached skill level 1 in Armour
  1549 | D:2      | Reached skill level 1 in Shields
  1549 | D:2      | Reached skill level 1 in Unarmed Combat
  1549 | D:2      | Reached skill level 1 in Spellcasting
  1549 | D:2      | Reached skill level 1 in Evocations
  1555 | D:2      | Killed Natasha
  1556 | D:2      | Reached XP level 4. HP: 17/34 MP: 5/5
  1662 | D:2      | Noticed Natasha
  1664 | D:2      | Noticed Robin
  1957 | D:3      | Noticed Grinder
  1976 | D:3      | Paralysed by Grinder for 5 turns
  1998 | D:3      | Paralysed by Grinder for 2 turns
  2005 | D:3      | Paralysed by Grinder for 3 turns
  2009 | D:3      | Killed Grinder
  2010 | D:3      | Reached skill level 1 in Conjurations
  2010 | D:3      | Reached skill level 1 in Hexes
  2010 | D:3      | Reached skill level 1 in Summonings
  2010 | D:3      | Reached skill level 1 in Necromancy
  2010 | D:3      | Reached skill level 1 in Translocations
  2010 | D:3      | Reached skill level 1 in Transmutations
  2010 | D:3      | Reached skill level 1 in Fire Magic
  2010 | D:3      | Reached skill level 1 in Ice Magic
  2010 | D:3      | Reached skill level 1 in Air Magic
  2010 | D:3      | Reached skill level 1 in Earth Magic
  2010 | D:3      | Reached skill level 1 in Poison Magic
  2010 | D:3      | Reached XP level 5. HP: 41/41 MP: 5/7
  2010 | D:3      | Reached XP level 6. HP: 47/47 MP: 5/8
  3034 | D:3      | Killed Natasha
  3035 | D:3      | Reached skill level 5 in Polearms
  3060 | D:2      | Killed Robin
  4016 | D:3      | Noticed Natasha
  4037 | D:3      | Killed Natasha
  4437 | D:4      | Found Luuzannucar's Magic Scroll Emporium.
  4452 | D:4      | Reached XP level 7. HP: 48/52 MP: 10/10
  4577 | D:5      | Entered Level 5 of the Dungeon
  4906 | D:5      | HP: 1/53 [something/magic dart (6)]
  4928 | D:5      | HP: 2/53 [something (3)]
  4929 | D:5      | Killed from afar by an orc wizard

Illustrated notes

Levels and vault maps discovered:
D:1:      wander_arrival_fairy_ring, layout_loops_cross, serial_shops,
          nicolae_lakefront_shop, minmay_pentomino_v2
D:2:      layout_loops_ring, uniq_natasha, uniq_robin
D:3:      layout_loops_ring, uniq_grinder
D:4:      layout_basic, kennysheep_windowed_goal
D:5:      layout_basic, nicolae_ossuary_entry_plus, minivault_23, st_stairs_4

Skill      XL: |  1  2  3  4  5  6  7 |
---------------+----------------------+-----
Stealth        | 6 |  6.5
Invocations    | 1 2 |  2.8
Short Blades   | 1 2 |  2.5
Long Blades    | 1 2 |  2.5
Axes           | 1 2 |  2.5
Maces & Flails | 1 2 |  2.5
Staves         | 1 2 |  2.5
Slings         | 1 2 |  2.5
Bows           | 1 2 |  2.5
Crossbows      | 1 2 |  2.5
Throwing       | 1 2 |  2.5
Armour         | 1 2 |  2.5
Shields        | 1 2 |  2.5
Unarmed Combat | 1 2 |  2.5
Spellcasting   | 1 2 |  2.5
Evocations     | 1 2 |  2.5
Fighting       | 3 |  3.7
Conjurations   | 1 2 |  2.1
Hexes          | 1 2 |  2.1
Summonings     | 1 2 |  2.1
Necromancy     | 1 2 |  2.1
Translocations | 1 2 |  2.1
Transmutations | 1 2 |  2.1
Fire Magic     | 1 2 |  2.1
Ice Magic      | 1 2 |  2.1
Air Magic      | 1 2 |  2.1
Earth Magic    | 1 2 |  2.1
Poison Magic   | 1 2 |  2.1
Polearms       | 5 |  5.3
Dodging        | |  8.9

Action                   |  1- 3 |  4- 6 |  7- 9 || total
-------------------------+-------+-------+-------++-------
Melee: Spear             |   128 |   191 |    81 ||   400
       Bite              |     9 |    14 |    10 ||    33
       Punch             |       |     2 |     3 ||     5
  Use: Potion            |     1 |     6 |     2 ||     9
       Scroll            |       |     4 |       ||     4
 Stab: Sleeping          |    10 |     4 |     1 ||    15
       Distracted        |     1 |       |       ||     1
       Invisible         |       |     5 |       ||     5
Armor: Leather armour    |     7 |       |       ||     7
       Scale mail        |     5 |    52 |    29 ||    86
       Skin              |       |    23 |    31 ||    54
Dodge: Dodged            |    83 |   102 |    56 ||   241

Table legend: (Time is in decaauts)
 A = Elapsed time spent in this place.
 B = Non-inter-level travel time spent in this place.
 C = Inter-level travel time spent in this place.
 D = Time resting spent in this place.
 E = Time spent auto-exploring this place.
 F = Levels seen in this place.
 G = Mean time per level.
                   A        B        C        D        E       F      G
               +--------+--------+--------+--------+--------+-----+--------+
         Total |   4861 |   4286 |    575 |    289 |   3107 |   5 |  972.2 |
       Dungeon |   4861 |   4286 |    575 |    289 |   3107 |   5 |  972.2 |
               +--------+--------+--------+--------+--------+-----+--------+

Top non-repeatable levels by time:
     D:3: 1789 daAuts
     D:2: 1323 daAuts
     D:1: 922 daAuts
     D:4: 483 daAuts
     D:5: 342 daAuts
